TOP OF THE 1ST |
Atlanta Braves batting - Pitching for Toronto Blue Jays : RHP Matt Altieri
|
Pitching: RHP Matt Altieri
|
|
Batting: LHB Colin Worthington
|
0-0: Ball 1-0: Called Strike 1-1: Ball 2-1: Fly out, F8 (Flyball, 8RXD, EV 104.4 MPH)
|
Batting: RHB Butch Kaiser
|
0-0: Swinging Strike 0-1: Ball 1-1: Ball 2-1: Ball 3-1: Ground out 4-3 (Groundball, 4MD, EV 86.2 MPH)
|
Batting: LHB Tom Best
|
0-0: Ground out 6-3 (Groundball, 6, EV 85.0 MPH)
|
Top of the 1st over - 0 runs, 0 hits, 0 errors, 0 left on base; Atlanta 0 - Toronto 0 |
BOTTOM OF THE 1ST |
Toronto Blue Jays batting - Pitching for Atlanta Braves : LHP Joe Testa
|
Pitching: LHP Joe Testa
|
|
Batting: LHB Jon Schick
|
0-0: Called Strike 0-1: Swinging Strike 0-2: Ball 1-2: Foul Ball, location: 2F 1-2: Ball 2-2: Foul Ball, location: 2F 2-2: Foul Ball, location: 2F 2-2: Ball 3-2: Foul Ball, location: 2F 3-2: Strikes out swinging
|
Batting: RHB Shigem Kubo
|
0-0: Ball 1-0: Foul Ball, location: 2F 1-1: Fly out, F9 (Flyball, 89S, EV 90.6 MPH)
|
Batting: RHB Ruben Velasco
|
0-0: Ball 1-0: Called Strike 1-1: Ball 2-1: Swinging Strike 2-2: Ball 3-2: Base on Balls
|
Batting: RHB Kirk Arp
|
Balk! Ruben Velasco to second 0-0: Ball 1-0: Ball 2-0: Called Strike 2-1: Ball 3-1: Foul Ball, location: 2F 3-2: Base on Balls
|
Batting: SHB Zory Larikov
|
0-0: Called Strike 0-1: Called Strike 0-2: Ball 1-2: Strikes out swinging
|
Bottom of the 1st over - 0 runs, 0 hits, 0 errors, 2 left on base; Atlanta 0 - Toronto 0 |
TOP OF THE 2ND |
Atlanta Braves batting - Pitching for Toronto Blue Jays : RHP Matt Altieri
|
Batting: RHB Jim Zucco
|
0-0: Called Strike 0-1: Ball 1-1: Ground out 4-3 (Groundball, 34, EV 86.9 MPH)
|
Batting: LHB Xavier Pittman
|
0-0: Called Strike 0-1: Called Strike 0-2: Ball 1-2: Strikes out swinging
|
Batting: LHB Yasahiko Teshima
|
0-0: Ball 1-0: Called Strike 1-1: Swinging Strike 1-2: Ball 2-2: Foul Ball, location: 2F 2-2: Strikes out swinging
|
Top of the 2nd over - 0 runs, 0 hits, 0 errors, 0 left on base; Atlanta 0 - Toronto 0 |
BOTTOM OF THE 2ND |
Toronto Blue Jays batting - Pitching for Atlanta Braves : LHP Joe Testa
|
Batting: RHB Tommy Mize
|
0-0: Foul Ball, location: 2F 0-1: Ball 1-1: Ball 2-1: Foul Ball, location: 2F 2-2: Ground out U3 (Groundball, 3L, EV 86.9 MPH)
|
Batting: LHB Isto Mäyrä
|
0-0: SINGLE (Popup, 6D, EV 50.6 MPH)
|
Batting: LHB Gabe White
|
0-0: Ball 1-0: SINGLE (Groundball, 4MD, EV 104.4 MPH) Isto Mäyrä to second
|
Batting: SHB Dylan Novakowski
|
0-0: Ball 1-0: Called Strike 1-1: Swinging Strike 1-2: Ball 2-2: Strikes out swinging
|
Batting: LHB Jon Schick
|
0-0: Foul Ball, location: 2F 0-1: Foul Ball, location: 2F 0-2: Ball 1-2: Ball 2-2: Ball 3-2: Foul Ball, location: 2F 3-2: Fly out, F7 (Line Drive, 7D, EV 101.2 MPH)
|
Bottom of the 2nd over - 0 runs, 2 hits, 0 errors, 2 left on base; Atlanta 0 - Toronto 0 |
TOP OF THE 3RD |
Atlanta Braves batting - Pitching for Toronto Blue Jays : RHP Matt Altieri
|
Batting: RHB Danny Anderson
|
0-0: Called Strike 0-1: Swinging Strike 0-2: Ball 1-2: Strikes out swinging
|
Batting: RHB Liangde Li
|
0-0: Called Strike 0-1: Ball 1-1: Ball 2-1: Foul Ball, location: 2F 2-2: Strikes out swinging
|
Batting: RHB Ray Llewellyn
|
0-0: Foul Ball, location: 2F 0-1: Foul Ball, location: 2F 0-2: Ball 1-2: Strikes out swinging
|
Top of the 3rd over - 0 runs, 0 hits, 0 errors, 0 left on base; Atlanta 0 - Toronto 0 |
BOTTOM OF THE 3RD |
Toronto Blue Jays batting - Pitching for Atlanta Braves : LHP Joe Testa
|
Batting: RHB Shigem Kubo
|
0-0: Ball 1-0: SOLO HOME RUN (Flyball, 7D, EV 103.1 MPH), Distance : 379 ft
|
Batting: RHB Ruben Velasco
|
0-0: Called Strike 0-1: Swinging Strike 0-2: Foul Ball, location: 2F 0-2: Ball 1-2: Strikes out swinging
|
Batting: RHB Kirk Arp
|
0-0: Called Strike 0-1: Ball 1-1: Foul Ball, location: 2F 1-2: Foul Ball, location: 2F 1-2: SINGLE (Groundball, 56D, EV 108.8 MPH)
|
Batting: SHB Zory Larikov
|
0-0: Swinging Strike 0-1: Ball 1-1: Ball 2-1: Swinging Strike 2-2: Grounds into double play, 6-4-3 (Groundball, 6, EV 86.2 MPH)
|
Bottom of the 3rd over - 1 run, 2 hits, 0 errors, 0 left on base; Atlanta 0 - Toronto 1 |
TOP OF THE 4TH |
Atlanta Braves batting - Pitching for Toronto Blue Jays : RHP Matt Altieri
|
Batting: LHB Colin Worthington
|
0-0: Ball 1-0: Ground out 5-3 (Groundball, 6, EV 79.4 MPH)
|
Batting: RHB Butch Kaiser
|
0-0: Foul Ball, location: 2F 0-1: Ball 1-1: Ball 2-1: Ball 3-1: Base on Balls
|
Batting: LHB Tom Best
|
0-0: Ball 1-0: Ball 2-0: SINGLE (Groundball, 13S, EV 64.4 MPH) (infield hit) Butch Kaiser to second
|
Batting: RHB Jim Zucco
|
0-0: Ball 1-0: Hit by Pitch Butch Kaiser to third Tom Best to second
|
Batting: LHB Xavier Pittman
|
0-0: Ball 1-0: Fly out, F9 (Flyball, 9S, EV 94.4 MPH)
|
Batting: LHB Yasahiko Teshima
|
0-0: Ground out U3 (Groundball, 34, EV 81.9 MPH)
|
Top of the 4th over - 0 runs, 1 hit, 0 errors, 3 left on base; Atlanta 0 - Toronto 1 |
BOTTOM OF THE 4TH |
Toronto Blue Jays batting - Pitching for Atlanta Braves : LHP Joe Testa
|
Batting: RHB Tommy Mize
|
0-0: Ball 1-0: Called Strike 1-1: Ball 2-1: Ball 3-1: Base on Balls
|
Batting: LHB Isto Mäyrä
|
0-0: Ball 1-0: Fly out, F9 (Flyball, 9LM, EV 98.1 MPH)
|
Batting: LHB Gabe White
|
0-0: Ball 1-0: Foul Ball, location: 2F 1-1: Ball 2-1: Called Strike 2-2: Strikes out swinging
|
Batting: SHB Dylan Novakowski
|
0-0: Ball 1-0: Called Strike 1-1: Foul Ball, location: 2F 1-2: Ground out U3 (Groundball, 13, EV 89.4 MPH)
|
Bottom of the 4th over - 0 runs, 0 hits, 0 errors, 1 left on base; Atlanta 0 - Toronto 1 |
TOP OF THE 5TH |
Atlanta Braves batting - Pitching for Toronto Blue Jays : RHP Matt Altieri
|
Batting: RHB Danny Anderson
|
0-0: Called Strike 0-1: Called Strike 0-2: Foul Ball, location: 2F 0-2: Foul Ball, location: 2F 0-2: Strikes out looking
|
Batting: RHB Liangde Li
|
0-0: Called Strike 0-1: Swinging Strike 0-2: Ball 1-2: Strikes out swinging
|
Batting: RHB Ray Llewellyn
|
0-0: SOLO HOME RUN (Flyball, 89XD, EV 103.1 MPH), Distance : 404 ft
|
Batting: LHB Colin Worthington
|
0-0: DOUBLE (Line Drive, 5D, EV 106.9 MPH)
|
Batting: RHB Butch Kaiser
|
0-0: Called Strike 0-1: Swinging Strike 0-2: Ball 1-2: Ball 2-2: Ball 3-2: 2-RUN HOME RUN (Flyball, 8RXD, EV 111.2 MPH), Distance : 431 ft
|
Batting: LHB Tom Best
|
0-0: Foul Ball, location: 2F 0-1: Ball 1-1: Ground out 2-3 (Groundball, 2L, EV 66.9 MPH)
|
Top of the 5th over - 3 runs, 3 hits, 0 errors, 0 left on base; Atlanta 3 - Toronto 1 |
BOTTOM OF THE 5TH |
Toronto Blue Jays batting - Pitching for Atlanta Braves : LHP Joe Testa
|
Batting: LHB Jon Schick
|
0-0: SINGLE (Groundball, 56S, EV 66.2 MPH) (infield hit)
|
Batting: RHB Shigem Kubo
|
0-0: Bunted foul 0-1: Sac Bunt to 3S - play at first, batter OUT! 3-1 Jon Schick to second
|
Batting: RHB Ruben Velasco
|
0-0: Ball 1-0: Foul Ball, location: 2F 1-1: Ball 2-1: Ball 3-1: Foul Ball, location: 2F 3-2: SINGLE (Line Drive, 8LS, EV 102.5 MPH) Jon Schick to third
|
Batting: RHB Kirk Arp
|
0-0: Called Strike 0-1: Ball 1-1: Ball 2-1: Grounds into double play, 1-4-3 (Groundball, 15S, EV 70.6 MPH)
|
Bottom of the 5th over - 0 runs, 2 hits, 0 errors, 1 left on base; Atlanta 3 - Toronto 1 |
TOP OF THE 6TH |
Atlanta Braves batting - Pitching for Toronto Blue Jays : RHP Matt Altieri
|
Batting: RHB Jim Zucco
|
0-0: Foul Ball, location: 2F 0-1: Foul Ball, location: 2F 0-2: Ball 1-2: Foul Ball, location: 2F 1-2: Ball 2-2: Fly out, F9 (Line Drive, 9D, EV 93.8 MPH)
|
Batting: LHB Xavier Pittman
|
0-0: Called Strike 0-1: Foul Ball, location: 2F 0-2: Ball 1-2: Strikes out swinging
|
Batting: LHB Yasahiko Teshima
|
0-0: Fly out, F8 (Flyball, 8LM, EV 78.1 MPH)
|
Top of the 6th over - 0 runs, 0 hits, 0 errors, 0 left on base; Atlanta 3 - Toronto 1 |
BOTTOM OF THE 6TH |
Toronto Blue Jays batting - Pitching for Atlanta Braves : LHP Joe Testa
|
Batting: SHB Zory Larikov
|
0-0: Called Strike 0-1: Foul Ball, location: 2F 0-2: Foul Ball, location: 2F 0-2: Ball 1-2: Strikes out swinging
|
Batting: RHB Tommy Mize
|
0-0: Ball 1-0: Foul Ball, location: 2F 1-1: Ball 2-1: Fly out, F6 (Flyball, 56D, EV 93.8 MPH)
|
Batting: LHB Isto Mäyrä
|
0-0: Ball 1-0: Ball 2-0: Fly out, F7 (Flyball, 7S, EV 88.8 MPH)
|
Bottom of the 6th over - 0 runs, 0 hits, 0 errors, 0 left on base; Atlanta 3 - Toronto 1 |
TOP OF THE 7TH |
Atlanta Braves batting - Pitching for Toronto Blue Jays : RHP Matt Altieri
|
Batting: RHB Danny Anderson
|
0-0: Ball 1-0: Ball 2-0: Ball 3-0: Called Strike 3-1: Fly out, F8 (Flyball, 8LM, EV 86.9 MPH)
|
Batting: RHB Liangde Li
|
0-0: Ball 1-0: Ball 2-0: Called Strike 2-1: Swinging Strike 2-2: Ball 3-2: Fly out, F8 (Flyball, 8LD, EV 75.6 MPH)
|
Batting: RHB Ray Llewellyn
|
0-0: Ball 1-0: Ball 2-0: Fly out, F8 (Flyball, 8LXD, EV 100.6 MPH)
|
Top of the 7th over - 0 runs, 0 hits, 0 errors, 0 left on base; Atlanta 3 - Toronto 1 |
BOTTOM OF THE 7TH |
Toronto Blue Jays batting - Pitching for Atlanta Braves : LHP Joe Testa
|
Pitching: RHP Marcos Tejeda
|
|
Batting: LHB Gabe White
|
0-0: Ball 1-0: Ball 2-0: Called Strike 2-1: Ball 3-1: Called Strike 3-2: Strikes out swinging
|
Batting: SHB Dylan Novakowski
|
0-0: Swinging Strike 0-1: Ball 1-1: Swinging Strike 1-2: Foul Ball, location: 2F 1-2: Ball 2-2: Ball 3-2: Base on Balls
|
Batting: LHB Jon Schick
|
0-0: Ball 1-0: Foul Ball, location: 2F 1-1: Foul Ball, location: 2F 1-2: Ball Wild Pitch! Dylan Novakowski to second 2-2: Ground out U3 (Groundball, 34, EV 90.6 MPH) Dylan Novakowski to third
|
Batting: RHB Shigem Kubo
|
0-0: Ball 1-0: Ball 2-0: SINGLE (Line Drive, 78S, EV 92.5 MPH) Dylan Novakowski scores
|
Batting: RHB Ruben Velasco
|
0-0: Ball Shigem Kubo steals 2nd base (no throw) 1-0: Called Strike 1-1: Fly out, F8 (Flyball, 89S, EV 85.6 MPH)
|
Bottom of the 7th over - 1 run, 1 hit, 0 errors, 1 left on base; Atlanta 3 - Toronto 2 |
TOP OF THE 8TH |
Atlanta Braves batting - Pitching for Toronto Blue Jays : RHP Matt Altieri
|
Batting: LHB Colin Worthington
|
0-0: Ball 1-0: Foul Ball, location: 2F 1-1: Foul Ball, location: 2F 1-2: Ball 2-2: Ball 3-2: Strikes out looking
|
Batting: RHB Butch Kaiser
|
0-0: Ball 1-0: SINGLE (Groundball, 4D, EV 100.0 MPH)
|
Batting: LHB Tom Best
|
0-0: Foul Ball, location: 2F 0-1: Called Strike 0-2: Strikes out swinging
|
Batting: RHB Jim Zucco
|
0-0: SINGLE (Flyball, 4D, EV 96.9 MPH) Butch Kaiser to second Runner from 2nd tries for 3rd, OUT! 9-5
|
Top of the 8th over - 0 runs, 2 hits, 0 errors, 1 left on base; Atlanta 3 - Toronto 2 |
BOTTOM OF THE 8TH |
Toronto Blue Jays batting - Pitching for Atlanta Braves : RHP Marcos Tejeda
|
Batting: RHB Kirk Arp
|
0-0: Ball 1-0: Called Strike 1-1: Ball 2-1: Ball 3-1: Base on Balls
|
Batting: SHB Zory Larikov
|
0-0: Ball 1-0: Called Strike 1-1: Fielders Choice at 2nd, 5-4 (Groundball, 5, EV 86.9 MPH)
|
Pinch Hitting: LHB Jesus Romero
|
0-0: Ball 1-0: Foul Ball, location: 2F 1-1: Called Strike 1-2: Ball 2-2: Foul Ball, location: 2F 2-2: Strikes out looking Zory Larikov steals 2nd base (no throw) Batter strikes out.
|
Batting: LHB Isto Mäyrä
|
0-0: Ball 1-0: Ball 2-0: Ball 3-0: Called Strike 3-1: Base on Balls
|
Batting: LHB Gabe White
|
0-0: Ball 1-0: Ball 2-0: Ball 3-0: Called Strike 3-1: SINGLE (Groundball, 34S, EV 70.6 MPH) (infield hit) Zory Larikov to third Isto Mäyrä to second
|
Pitching: RHP Charles Hewson
|
|
Batting: SHB Dylan Novakowski
|
0-0: Ball 1-0: Foul Ball, location: 2F 1-1: Foul Ball, location: 2F 1-2: Foul Ball, location: 2F 1-2: Strikes out looking
|
Bottom of the 8th over - 0 runs, 1 hit, 0 errors, 3 left on base; Atlanta 3 - Toronto 2 |
TOP OF THE 9TH |
Atlanta Braves batting - Pitching for Toronto Blue Jays : RHP Matt Altieri
|
Pitching: RHP J.J. Thompson
|
|
Now at 3B: Cole Zelinski
|
|
Batting: LHB Xavier Pittman
|
0-0: Ball 1-0: Ball 2-0: Ball 3-0: Called Strike 3-1: DOUBLE (Line Drive, 7LD, EV 104.4 MPH)
|
Batting: LHB Yasahiko Teshima
|
0-0: Ball 1-0: Called Strike 1-1: Swinging Strike 1-2: Ball 2-2: Ball 3-2: Base on Balls
|
Batting: RHB Danny Anderson
|
0-0: Called Strike 0-1: Ball 1-1: Foul Ball, location: 2F 1-2: Foul Ball, location: 2F 1-2: Ball 2-2: Fly out, F8 (Flyball, 8RXD, EV 98.1 MPH) Runner from 2nd tags up, SAFE at 3rd, no throw by CF
|
Batting: RHB Liangde Li
|
0-0: Ball 1-0: Called Strike 1-1: Ball 2-1: Foul Ball, location: 2F 2-2: SINGLE (Groundball, 56D, EV 103.1 MPH) Xavier Pittman scores Yasahiko Teshima to second
|
Batting: RHB Ray Llewellyn
|
0-0: Called Strike 0-1: Foul Ball, location: 2F 0-2: Ball 1-2: Strikes out swinging
|
Batting: LHB Colin Worthington
|
0-0: Called Strike 0-1: Swinging Strike 0-2: Ball 1-2: Ball 2-2: Fly out, F8 (Flyball, 8LS, EV 85.6 MPH)
|
Top of the 9th over - 1 run, 2 hits, 0 errors, 2 left on base; Atlanta 4 - Toronto 2 |
BOTTOM OF THE 9TH |
Toronto Blue Jays batting - Pitching for Atlanta Braves : RHP Charles Hewson
|
Pitching: RHP Mike Aguilar
|
|
Batting: LHB Jon Schick
|
0-0: Foul Ball, location: 2F 0-1: Fly out, F8 (Flyball, 8RS, EV 73.1 MPH)
|
Batting: RHB Shigem Kubo
|
0-0: Ball 1-0: Ball 2-0: Called Strike 2-1: Foul Ball, location: 2F 2-2: Ball 3-2: Foul Ball, location: 2F 3-2: Strikes out looking
|
Batting: RHB Ruben Velasco
|
0-0: Swinging Strike 0-1: Foul Ball, location: 2F 0-2: Ball 1-2: Ball 2-2: Ball 3-2: Base on Balls
|
Batting: RHB Kirk Arp
|
0-0: Ball 1-0: Ball 2-0: Called Strike 2-1: Foul Ball, location: 2F 2-2: Fly out, F8 (Flyball, 8LD, EV 86.9 MPH)
|
Bottom of the 9th over - 0 runs, 0 hits, 0 errors, 1 left on base; Atlanta 4 - Toronto 2 |
|